 Dungeon Crawl Stone Soup version 0.30-a0-1018-g25214051b3 (webtiles) character file.

Game seed: 16108895451778919903

171 Pimp the Ducker (level 5, -3/40 HPs)
             Began as a Demonspawn Gladiator on Apr 7, 2023.
             Slain by an iguana (11 damage)
             ... on level 4 of the Dungeon.
             The game lasted 00:06:00 (2388 turns).

Pimp the Ducker (Demonspawn Gladiator)              Turns: 2388, Time: 00:06:01

Health: -3/40      AC: 14    Str: 15    XL:     5   Next: 26%
Magic:  6/6        EV:  2    Int: 11    God:
Gold:   164        SH:  0    Dex: 14    Spells: 3/6 levels left

rFire   . . .      SeeInvis .    g - +3 dagger (freeze)
rCold   . . .      Faith    .    (no shield)
rNeg    . . .      Spirit   .    i - +0 scale mail
rPois   .          Reflect  .    c - +1 helmet
rElec   .          Rampage  .    t - scarf {+Inv}
rCorr   .                        (no gloves)
Will    .....                    (no boots) Stlth
                                 (no amulet)
HPRegen 0.26/turn                (no ring)
MPRegen 0.10/turn                (no ring)

@: sleeping, sanguine armoured
A: demonic guardian 1, sanguine armour 1
a: Evoke Invisibility


You were on level 4 of the Dungeon.
You visited 1 branch of the dungeon, and saw 5 of its levels.

You collected 164 gold pieces.

Inventory:

Hand Weapons
 a - a +0 long sword
 g - a +3 dagger of freezing (weapon)
Missiles
 d - 3 throwing nets (quivered)
 e - a javelin
Armour
 b - a +0 leather armour
 c - a +1 helmet (worn)
 i - a +0 scale mail (worn)
 r - a +0 ring mail
 t - a scarf of invisibility (worn)
Scrolls
 j - 2 scrolls of fear {unknown}
 k - 2 scrolls of blinking {unknown}
 m - 2 scrolls of fog {unknown}
Potions
 f - 2 potions of curing {unknown}
 h - a potion of ambrosia {unknown}
 n - a potion of berserk rage {unknown}
 o - 2 potions of mutation {unknown}
 q - 2 potions of cancellation {unknown}
 u - a potion of resistance {unknown}


   Skills:
 + Level 2.9 Fighting
 + Level 3.3 Long Blades
 - Level 2.2 Throwing
 + Level 1.0 Armour
 + Level 3.4 Dodging
 + Level 1.1 Spellcasting
 + Level 0.9 Fire Magic
 + Level 1.1 Poison Magic


You had 3 spell levels left.
You knew the following spells:

 Your Spells              Type           Power      Damage    Failure   Level
a - Ignite Poison         Fire/Tmut/Pois 2%         N/A       96%         3

Your spell library contained the following spells:

 Spells                   Type           Power      Damage    Failure   Level
 Sting                    Tmut/Pois      4%         1d3       71%         1
 Poisonous Vapours        Pois/Air       2%         N/A       83%         2
 Cigotuvi's Dreadful Rot  Necr/Pois/Air  2%         N/A       86%         2
 Call Canine Familiar     Summ           0%         N/A       98%         3
 Portal Projectile        Hex/Tloc       0%         N/A       98%         3
 Tukima's Dance           Hex            0%         N/A       98%         3
 Leda's Liquefaction      Hex/Erth       0%         N/A       100%        4
 Olgreb's Toxic Radiance  Pois           3%         N/A       100%        4
 Passage of Golubria      Tloc           0%         N/A       100%        4
 Freezing Cloud           Conj/Ice/Air   0%         6-21      100%        5
 Yara's Violent Unravell  Hex/Tmut       0%         3d3       100%        5
 Simulacrum               Ice/Necr       0%         N/A       100%        6
 Ozocubu's Refrigeration  Ice            0%         4d7       100%        7
 Polar Vortex             Ice            0%         N/A       100%        9


Dungeon Overview and Level Annotations

Branches:
Dungeon (5/15)
 Temple: D:4-7

Altars:

Shops:
D:1 [


Innate Abilities, Weirdness & Mutations

A weak demonic guardian rushes to your aid.
When seriously injured, your blood forms armour. (AC +6)


Message History

The puff of frost hits the sleepcap!
The iguana barely misses something.
The hobgoblin attacks as you move away!
The hobgoblin hits you but does no damage.
The hobgoblin attacks as you move away! The hobgoblin barely misses you.
You closely miss the hobgoblin.
The hobgoblin hits you but does no damage.
You hit the hobgoblin. You freeze the hobgoblin.
The hobgoblin is moderately wounded.
Your white imp gestures at the hobgoblin.
The puff of frost hits the hobgoblin!
The hobgoblin dies!
The iguana bites your white imp.
You hit the kobold. You freeze the kobold.
You kill the kobold!
Your white imp barely misses the iguana.
The iguana closely misses your white imp.
Your white imp hits the iguana but does no damage.
The iguana bites your white imp but does no damage.
Something completely misses your white imp.
Things that are here:
a +0 short sword; a sedimented cyan potion Your white imp completely misses the iguana.
Something releases spores at your white imp.
Your white imp is engulfed in a cloud of soporific spores!
The iguana bites your white imp.
Your white imp disappears in a puff of smoke!
You closely miss the iguana.
The sleepcap releases spores at you but does no damage.
The iguana bites you but does no damage.
You hit the iguana.
The iguana seems to slow down.
You freeze the iguana.
The iguana is moderately wounded.
The sleepcap closely misses you.
The iguana is no longer moving slowly.
The sleepcap releases spores at you.
* * * LOW HITPOINT WARNING * * *
You are engulfed in a cloud of soporific spores!
You fall asleep.
The sleepcap releases spores at you but does no damage.
The iguana bites you!
You die...

###..............P
#...............
###.<.............
##...l5...........#
#.P.♣.##..#........
##..P.#.....##...#
##.........# ..# .P♣♣♣
#(...#fl#.##.## ...PP♣
##.####@##....#
......P.
###..##.....##
........ #....#......#
........
###.....##..##........
##...##.............
#...........####...
###........##.###..
#........##......
###..............


You could see a sleepcap and an iguana.

Vanquished Creatures
  A scorpion (D:4)
  An iguana (D:5)
  An adder (D:2)
  A worm (D:2)
  2 dart slugs (D:1)
  An orc (D:4)
  4 ball pythons
  5 bats
  3 endoplasms (D:1)
  5 giant cockroaches
  9 goblins
  7 hobgoblins
  2 quokkas
  3 frilled lizards
  9 kobolds
  5 rats
59 creatures vanquished.

Vanquished Creatures (collateral kills)
  2 worms
  A hobgoblin (D:4)
3 creatures vanquished.

Vanquished Creatures (others)
  4 plants (D:4)
4 creatures vanquished.

Grand Total: 66 creatures vanquished

Notes
Turn   | Place    | Note
-------+----------+-------------------------------------------
     0 | D:1      | Pimp the Demonspawn Gladiator began the quest for the Orb.
     0 | D:1      | Reached XP level 1. HP: 16/16 MP: 1/1
    91 | D:1      | Gained mutation: A weak demonic guardian rushes to your
                  | aid. [demonic ancestry]
    91 | D:1      | Reached XP level 2. HP: 19/22 MP: 2/2
   338 | D:1      | Found Ecsuot's Armour Boutique.
   488 | D:1      | Gained mutation: When seriously injured, your blood forms
                  | armour. (AC +6) [demonic ancestry]
   488 | D:1      | Reached XP level 3. HP: 28/28 MP: 3/3
  1352 | D:2      | Learned a level 3 spell: Ignite Poison
  1608 | D:3      | Reached XP level 4. HP: 34/34 MP: 4/4
  2121 | D:4      | Noticed a scorpion
  2141 | D:5      | Entered Level 5 of the Dungeon
  2308 | D:4      | Killed a scorpion
  2309 | D:4      | Reached skill level 1 in Armour
  2309 | D:4      | Reached skill level 1 in Spellcasting
  2309 | D:4      | Reached skill level 1 in Poison Magic
  2309 | D:4      | Reached XP level 5. HP: 35/40 MP: 6/6
  2388 | D:4      | Slain by an iguana

Illustrated notes

Levels and vault maps discovered:
D:1:      minmay_arrival_radiant_lines, layout_loops_ring, serial_shops, shop
D:2:      layout_loops_ring
D:3:      layout_rooms, minivault_14
D:4:      layout_cave_pools, serial_forest, infiniplex_forest_clump_double,
          infiniplex_forest_end_double, infiniplex_forest_clump_medium,
          infiniplex_forest_clump_tiny, infiniplex_forest_corner_1,
          infiniplex_forest_clump_long, infiniplex_forest_corner_2
D:5:      layout_basic, general_overflow_altar, minivault_19, uniq_blork_the_orc

Skill      XL: |  1  2  3  4 |
---------------+-------------+-----
Throwing       | 2 |  2.2
Long Blades    | 3 |  3.3
Dodging        | 3 |  3.4
Armour         | 1 |  1.0
Spellcasting   | 1 |  1.1
Poison Magic   | 1 |  1.1
Fighting       | |  2.9
Fire Magic     | |  0.9

Action                     |  1- 3 |  4- 6 || total
---------------------------+-------+-------++-------
  Melee: Long sword        |    25 |       ||    25
         Dagger            |   117 |    95 ||   212
         Punch             |     2 |       ||     2
    Use: Scroll            |     1 |     3 ||     4
 Armour: Leather armour    |    10 |       ||    10
         Scale mail        |    40 |    48 ||    88
  Dodge: Dodged            |    85 |    52 ||   137

Table legend: (Time is in decaauts)
 A = Elapsed time spent in this place.
 B = Non-inter-level travel time spent in this place.
 C = Inter-level travel time spent in this place.
 D = Time resting spent in this place.
 E = Time spent auto-exploring this place.
 F = Levels seen in this place.
 G = Mean time per level.
                   A        B        C        D        E       F      G
               +--------+--------+--------+--------+--------+-----+--------+
         Total |   2376 |   2308 |     68 |    235 |   1450 |   5 |  475.2 |
       Dungeon |   2376 |   2308 |     68 |    235 |   1450 |   5 |  475.2 |
               +--------+--------+--------+--------+--------+-----+--------+

Top non-repeatable levels by time:
     D:1: 733 daAuts
     D:3: 694 daAuts
     D:2: 627 daAuts
     D:4: 188 daAuts
     D:5: 132 daAuts
